 Dungeon Crawl Stone Soup version 0.28-a0-706-gf6f64a616a (webtiles) character file.

Game seed: 17352971594900166343

46 KoroneIsBestGirl the Chiller (level 3, -1/24 HPs)
             Began as a Barachi Ice Elementalist on Oct 24, 2021.
             Was a Follower of Cheibriados.
             Slain by a worm (2 damage)
             ... on level 2 of the Dungeon.
             The game lasted 00:01:24 (1201 turns).

KoroneIsBestGirl the Chiller (BaIE)                 Turns: 1201, Time: 00:01:24

Health: -1/24      AC:  3    Str: 11    XL:     3   Next: 66%
Magic:  2/7        EV: 13    Int: 18    God:    Cheibriados [*.....]
Gold:   62         SH:  0    Dex: 14    Spells: 6/7 levels left

rFire   . . .      SeeInvis .   d - +0 dagger
rCold   . . .      Faith    .   (no shield)
rNeg    . . .      Spirit   .   a - +0 robe
rPois   .          Reflect  .   g - +0 helmet
rElec   .          Harm     .   (no cloak)
rCorr   .          Rampage  .   (no gloves)
Will    .....                   (no boots)
Stlth   ++........              (no amulet)
HPRegen 0.08/turn               (no ring)
MPRegen 0.10/turn               (no ring)

@: unable to hop, very slow
A: amphibious, slowness 1, strong legs 1, +LOS
a: Hop, Renounce Religion, Bend Time


You were on level 2 of the Dungeon.
You worshipped Cheibriados.
Cheibriados was aware of your devotion.
You visited 1 branch of the dungeon, and saw 2 of its levels.

You collected 62 gold pieces.

Inventory:

Hand Weapons
 d - a +0 dagger (weapon)
Armour
 a - a +0 robe (worn)
 f - a +0 kite shield
 g - a +0 helmet (worn)
Scrolls
 e - a scroll of teleportation {unknown}
 h - a scroll of identify {unknown}
 i - a scroll of noise {unknown}
Potions
 b - 2 potions of lignification {unknown}
 c - a potion of mutation {unknown}
 j - a potion of degeneration {unknown}


   Skills:
 + Level 3.0 Dodging
 - Level 1.7 Stealth
 + Level 2.9 Spellcasting
 + Level 5.4 Ice Magic


You had 6 spell levels left.
You knew the following spells:

 Your Spells              Type           Power      Damage    Failure   Level
a - Freeze                Ice            88%        1d10      1%          1

Your spell library contained the following spells:

 Spells                   Type           Power      Damage    Failure   Level
 Frozen Ramparts          Ice            44%        1d6       5%          3
 Ozocubu's Armour         Ice            22%        N/A       5%          3
 Hailstorm                Conj/Ice       12%        3d5       47%         4


Dungeon Overview and Level Annotations

Branches:
Dungeon (2/15)

Altars:
Cheibriados


Innate Abilities, Weirdness & Mutations

You are amphibious.
You cover ground slowly.
You can hop short distances.
You have an extended range of vision and can be seen from far away.


Message History

Terence hits you with a +0 short sword.
A quokka comes into view.
Terence misses you.
You freeze Terence!
Terence is heavily wounded.
The worm closely misses you.
Terence zaps a wand.
The puff of flame hits you.
You are too injured to fight recklessly!
You are too injured to fight recklessly!
You are too injured to fight recklessly!
You are too injured to fight recklessly!
Casting: Freeze (safe; 2% risk of failure)
Confirm with . or Enter, or press ? or * to list all spells.
Aiming: Freeze (safe; 2% risk of failure)
Press: ? - help, Shift-Dir - straight line, f/p - Terence
Aim: Terence, wielding a +0 short sword, wearing a +0 chain mail and carrying a wand of flame (10) (heavily wounded)
You freeze Terence!
Terence is almost dead.
Terence closely misses you.
Casting: Freeze (safe; 2% risk of failure)
Confirm with . or Enter, or press ? or * to list all spells.
Aiming: Freeze (safe; 2% risk of failure)
Press: ? - help, Shift-Dir - straight line, f/p - Terence
Aim: Terence, wielding a +0 short sword, wearing a +0 chain mail and carrying a wand of flame (10) (almost dead)
You freeze Terence!
You kill Terence!
Cheibriados appreciates the change of pace.
The worm bites you!
* * * LOW HITPOINT WARNING * * *
Your Dodging skill increases to level 3!
You have reached level 3!
Your experience leads to an increase in your attributes!
Your base attributes are Str 9, Int 15, Dex 12.
Increase (S)trength, (I)ntelligence, or (D)exterity?
You feel clever.
Hop to where?
Press: ? - help, Dir - move target
Found an escape hatch in the ceiling.
Boing!
The quokka bites you.
* * * LOW HITPOINT WARNING * * *
The worm bites you.
You die...

...........####.####+####.#
...........# ##..##.##..#
......... ###.....# ... ...
###.### .. ...##### #.# # .
#.....###.#.##.###
#.#..)#..........
#...rw○..........
###.@##..........
#.....##.#.####. .<......#
.#.# ............... .
.###.##........... #.
#........##.. # #....#...#
#. ###..##.... ... <..#


You could see a worm and a quokka.

Vanquished Creatures
  Terence (D:2)
  A dart slug (D:1)
  3 ball pythons (D:1)
  An endoplasm (D:1)
  2 giant cockroaches (D:1)
  3 hobgoblins (D:1)
  A quokka (D:1)
  2 bats (D:1)
  2 frilled lizards
  A kobold (D:1)
  A rat (D:1)
18 creatures vanquished.

Notes
Turn   | Place    | Note
-------+----------+-------------------------------------------
     0 | D:1      | KoroneIsBestGirl the Barachi Ice Elementalist began the
                  | quest for the Orb.
     0 | D:1      | Reached XP level 1. HP: 13/13 MP: 3/3
   257 | D:1      | Reached skill level 5 in Ice Magic
   465 | D:1      | Reached XP level 2. HP: 19/19 MP: 3/5
   635 | D:1      | Found a faded altar of an unknown god.
   691 | D:1      | Prayed at the altar of an unknown god.
   691 | D:1      | Became a worshipper of Cheibriados the Contemplative
   691 | D:1      | Reached * piety under Cheibriados
  1195 | D:2      | Noticed Terence
  1200 | D:2      | Killed Terence
  1201 | D:2      | Reached XP level 3. HP: 3/24 MP: 2/7
  1201 | D:2      | HP: 1/24 [quokka (2)]
  1201 | D:2      | Slain by a worm

Illustrated notes

Levels and vault maps discovered:
D:1:      sevenhm_arrival_forest_fort_small_3, layout_rooms,
          hellmonk_ecumenical_altar_arch_garden, chequers_garden
D:2:      layout_rooms, interstate_on_off, minmay_pentomino_o2, uniq_jessica,
          uniq_terence, uniq_crazy_yiuf_cottage

Skill      XL: |  1  2 |
---------------+-------+-----
Ice Magic      | 5 |  5.4
Dodging        | 3 |  3.0
Stealth        | |  1.7
Spellcasting   | |  2.9

Action                   || total
-------------------------++-------
Melee: Unarmed           ||    14
       Dagger            ||     7
 Cast: Freeze            ||    28
 Abil: Hop               ||     1
Armor: Robe              ||    10
Dodge: Dodged            ||    37

Table legend: (Time is in decaauts)
 A = Elapsed time spent in this place.
 B = Non-inter-level travel time spent in this place.
 C = Inter-level travel time spent in this place.
 D = Time resting spent in this place.
 E = Time spent auto-exploring this place.
 F = Levels seen in this place.
 G = Mean time per level.
                   A        B        C        D        E       F      G
               +--------+--------+--------+--------+--------+-----+--------+
         Total |   1434 |   1329 |    105 |      0 |   1144 |   2 |  717.0 |
       Dungeon |   1434 |   1329 |    105 |      0 |   1144 |   2 |  717.0 |
               +--------+--------+--------+--------+--------+-----+--------+

Top non-repeatable levels by time:
     D:1: 1353 daAuts
     D:2: 81 daAuts
